 Dungeon Crawl Stone Soup version 0.23-a0-650-ga4d50d4d25 (webtiles) character file.

846624 Mazzaar the Pyromancer (level 27, -24/186 HPs)
             Began as a Gargoyle Earth Elementalist on Jan 4, 2019.
             Was the Champion of Vehumet.
             Killed by a guardian mummy's death curse (27 damage)
             ... on level 26 of a ziggurat on Jan 5, 2019.
             The game lasted 07:35:49 (104418 turns).

Mazzaar the Pyromancer (GrEE)                     Turns: 104418, Time: 07:35:50

Health: -24/186    AC: 29    Str: 16    XL:     27
Magic:  63/63      EV: 19    Int: 34    God:    Vehumet [******]
Gold:   8789       SH: 12    Dex: 10    Spells: 21/68 levels left

rFire    + + +     SeeInvis +   D - staff of power
rCold    + + .     Gourm    +   C - +3 warlock's mirror {reflect}
rNeg     + + +     Faith    .   N - +2 robe {Archmagi}
rPois    ∞         Spirit   .   i - +0 hat of Untruth {Int+6}
rElec    +         Reflect  +   e - +2 cloak {+Inv}
rCorr    .         Harm     .   I - +0 pair of gloves "Voenot" {rN+ Str+5}
MR       +....                  L - +2 pair of boots {run}
Stlth    ++........             z - amulet "Meleutho" {Gourm rElec rF++ rC- rN+}
HPRegen  0.00/turn              K - ring "Duvog" {rF++ rC+}
MPRegen  0.38/turn              J - ring "Exato" {Wiz rC+ SInv}

@: vulnerable, corroded, flying, slightly contaminated, slowed, invisible
(expiring), very slow
A: big wings, large bone plates 1, cold resistance 1, fire resistance 1,
negative energy resistance 1, electricity resistance, inhibited regeneration,
weak 1, wild magic 1, unbreathing, petrification resistance, rot immunity, AC
+20
}: 4/15 runes: serpentine, barnacled, slimy, silver
a: Stop Flying, Renounce Religion


You were on level 26 of a ziggurat.
You worshipped Vehumet.
Vehumet was exalted by your worship.
You were not hungry.

You visited 11 branches of the dungeon, and saw 53 of its levels.
You visited the Abyss 1 time.
You visited 1 ziggurat, and saw 26 of its levels.
You also visited: Trove, Volcano and Wizlab.

You collected 9895 gold pieces.
You spent 1106 gold pieces at shops.

Inventory:

Hand Weapons
 A - the +11 trident of Thoughtfulness {pain, rPois Dex+3}
   (You took it off an orc warrior on level 7 of the Dungeon)

   In the hands of one skilled in necromantic magic, it inflicts extra damage on
   living creatures.
   It affects your dexterity (+3).
   It protects you from poison.
Missiles
 b - 1521 stones (quivered)
 u - 11 throwing nets
 R - 38 javelins of penetration
Armour
 e - a +2 cloak of invisibility (worn)
 i - the +0 hat of Untruth (worn) {Int+6}
   (You found it on level 4 of the Depths)

   It affects your intelligence (+6).
 C - the +3 warlock's mirror (worn) {reflect}
   (You found it on level 12 of a ziggurat)
 I - the +0 pair of gloves "Voenot" (worn) {rN+ Str+5}
   (You found it on level 5 of the Vaults)

   It affects your strength (+5).
   It protects you from negative energy.
 L - a +2 pair of boots of running (worn)
 N - a +2 robe of the Archmagi (worn)
Magical Staves
 s - an uncursed staff of fire
 B - an uncursed staff of earth
 D - an uncursed staff of power (weapon)
 V - an uncursed staff of cold
 X - an uncursed staff of energy
Jewellery
 a - a ring of the Octopus King {MP+9 AC+1 EV+1 Str+1 Int+1 Dex+1}
   (You found it on level 23 of a ziggurat)

   [ring of magical power]

   It affects your AC (+1).
   It affects your evasion (+1).
   It affects your strength (+1).
   It affects your intelligence (+1).
   It affects your dexterity (+1).
   It affects your magic capacity (+9).
 f - the ring of Koziet {+Inv Slay+4}
   (You found it on level 3 of a ziggurat)

   [ring of slaying]

   It affects your accuracy and damage with ranged weapons and melee attacks
   (+4).
   It lets you turn invisible.
 h - the ring of Duppowi {Str+6 Slay+3}
   (You found it on level 24 of a ziggurat)

   [ring of strength]

   It affects your strength (+6).
   It affects your accuracy and damage with ranged weapons and melee attacks
   (+3).
 j - the macabre finger necklace {rN+}
   (You found it on level 8 of a ziggurat)

   [amulet of nothing]

   It protects you from negative energy.
 o - the ring "Beufemis" {rCorr rElec Str+8}
   (You found it on level 24 of a ziggurat)

   [ring of resist corrosion]

   It affects your strength (+8).
   It insulates you from electricity.
 z - the amulet "Meleutho" (around neck) {Gourm rElec rF++ rC- rN+}
   (You took it off a deep elf mage on level 1 of the Elven Halls)

   [amulet of the gourmand]

   It allows you to eat raw meat even when not hungry.
   It greatly protects you from fire.
   It makes you vulnerable to cold.
   It insulates you from electricity.
   It protects you from negative energy.
 J - the ring "Exato" (right hand) {Wiz rC+ SInv}
   (You found it on level 23 of a ziggurat)

   [ring of wizardry]

   It improves your spell success rate.
   It protects you from cold.
   It lets you see invisible.
 K - the ring "Duvog" (left hand) {rF++ rC+}
   (You bought it in a shop on level 1 of the Elven Halls)

   [ring of protection from cold]

   It greatly protects you from fire.
   It protects you from cold.
 P - the ring of Noon {rC+ rN+ MR+ Int+5}
   (You found it on level 19 of a ziggurat)

   [ring of protection from magic]

   It affects your intelligence (+5).
   It protects you from cold.
   It protects you from negative energy.
   It affects your resistance to hostile enchantments.
Wands
 k - a wand of iceblast (35)
 E - a wand of scattershot (5)
 H - a wand of clouds (1)
 O - a wand of acid (59)
 S - a wand of disintegration (62)
 Y - a wand of digging (18)
Scrolls
 g - 6 scrolls of silence
 l - 2 scrolls of holy word
 n - 6 scrolls of blinking
 q - 8 scrolls of amnesia
 r - 32 scrolls of teleportation
 w - a scroll of identify
 y - 8 scrolls of fog
 F - 3 scrolls of magic mapping
 M - 37 scrolls of remove curse
 U - 3 scrolls of summoning
 W - a scroll of brand weapon
Potions
 m - 6 potions of cancellation
 p - 9 potions of curing
 t - 4 potions of brilliance
 v - 6 potions of ambrosia
 x - 12 potions of mutation
 G - 12 potions of might
 Q - 4 potions of resistance
 T - 9 potions of haste
 Z - 4 potions of agility
Miscellaneous
 c - 10 phantom mirrors
Comestibles
 d - 40 rations


   Skills:
 + Level 22.4 Fighting
   Level 3.7 Maces & Flails
 - Level 16.0 Polearms
 - Level 8.0 Throwing
 - Level 6.0 Armour
 - Level 15.0 Dodging
 - Level 2.1 Stealth
 - Level 5.5 Shields
 + Level 21.2 Spellcasting
 - Level 15.0 Conjurations
   Level 10.0 Necromancy
   Level 0.7 Transmutations
 + Level 26.0 Fire Magic
 * Level 18.6 Ice Magic
 + Level 24.6 Earth Magic
 + Level 9.7 Evocations


You had 21 spell levels left.
You knew the following spells:

 Your Spells              Type           Power        Failure   Level  Hunger
a - Shatter               Erth           #########.   1%          9    #####..
b - Stone Arrow           Conj/Erth      ######       1%          3    None
c - Lee's Rapid Deconstr  Erth           #########.   1%          5    None
d - Glaciate              Conj/Ice       ########..   12%         9    #####..
e - Iron Shot             Conj/Erth      ########..   1%          6    None
f - Bolt of Fire          Conj/Fire      ########..   1%          6    None
i - Fire Storm            Conj/Fire      ########..   3%          9    #####..

Your spell library contained the following spells:

 Spells                   Type           Power        Failure   Level  Hunger
 Lehudib's Crystal Spear  Conj/Erth      ########..   1%          8    ####...
 Animate Skeleton         Necr           N/A          1%          1    None
 Apportation              Tloc           ######       1%          1    None
 Beastly Appendage        Tmut           ######       1%          1    None
 Confusing Touch          Hex            ######       1%          1    None
 Corona                   Hex            ######.      1%          1    None
 Flame Tongue             Conj/Fire      #####        1%          1    None
 Freeze                   Ice            ####         1%          1    None
 Infusion                 Chrm           ####         1%          1    None
 Magic Dart               Conj           ####         1%          1    None
 Pain                     Necr           ####         1%          1    None
 Sandblast                Erth           ######       1%          1    None
 Shock                    Conj/Air       ####         1%          1    None
 Sting                    Conj/Pois      ####         1%          1    None
 Summon Butterflies       Summ           ######..     1%          1    None
 Summon Small Mammal      Summ           ####         1%          1    None
 Blink                    Tloc           N/A          1%          2    None
 Call Imp                 Summ           ######..     1%          2    None
 Corpse Rot               Necr           N/A          1%          2    None
 Ensorcelled Hibernation  Hex/Ice        ######       1%          2    None
 Passwall                 Tmut/Erth      ########     1%          2    None
 Poisonous Vapours        Pois/Air       ######       1%          2    None
 Searing Ray              Conj           ######       1%          2    None
 Shroud of Golubria       Chrm/Tloc      ######....   1%          2    None
 Slow                     Hex            ######..     1%          2    None
 Song of Slaying          Chrm           ######..     1%          2    None
 Sticks to Snakes         Tmut           ######..     1%          2    None
 Swiftness                Chrm/Air       ######..     1%          2    None
 Throw Flame              Conj/Fire      ######       1%          2    None
 Throw Frost              Conj/Ice       ######       1%          2    None
 Call Canine Familiar     Summ           ######..     1%          3    None
 Confuse                  Hex            ######..     1%          3    None
 Conjure Flame            Conj/Fire      ########     1%          3    None
 Dazzling Spray           Conj/Hex       ######       1%          3    None
 Gell's Gravitas          Tloc           ######....   1%          3    None
 Ignite Poison            Fire/Tmut/Pois ########     1%          3    None
 Inner Flame              Hex/Fire       ########     1%          3    None
 Lesser Beckoning         Tloc           ######....   1%          3    None
 Mephitic Cloud           Conj/Pois/Air  #######.     1%          3    None
 Ozocubu's Armour         Chrm/Ice       ########     1%          3    None
 Portal Projectile        Hex/Tloc       ######       1%          3    None
 Recall                   Summ/Tloc      N/A          1%          3    None
 Regeneration             Chrm/Necr      #######...   1%          3    None
 Spectral Weapon          Hex/Chrm       ######..     1%          3    None
 Spider Form              Tmut/Pois      ######....   1%          3    None
 Static Discharge         Conj/Air       ########     1%          3    None
 Summon Guardian Golem    Hex/Summ       ######..     1%          3    None
 Teleport Other           Tloc           ######..     1%          3    None
 Tukima's Dance           Hex            ######..     1%          3    None
 Vampiric Draining        Necr           ########..   1%          3    None
 Airstrike                Air            ######....   1%          4    None
 Animate Dead             Necr           N/A          1%          4    None
 Force Lance              Conj/Tloc      ########     1%          4    None
 Fulminant Prism          Conj/Hex       ########..   1%          4    None
 Ice Form                 Ice/Tmut       ########     1%          4    None
 Iskenderun's Mystic Bla  Conj           ########     1%          4    None
 Leda's Liquefaction      Hex/Erth       ########..   1%          4    None
 Olgreb's Toxic Radiance  Pois           ######..     1%          4    None
 Petrify                  Tmut/Erth      ########     1%          4    None
 Sticky Flame             Conj/Fire      ########     1%          4    None
 Summon Ice Beast         Ice/Summ       ########     1%          4    None
 Throw Icicle             Conj/Ice       ########     1%          4    None
 Bolt of Magma            Conj/Fire/Erth #########.   1%          5    None
 Borgnjor's Vile Clutch   Necr/Erth      ########..   1%          5    None
 Fireball                 Conj/Fire      ########..   1%          5    None
 Irradiate                Conj/Tmut      ########..   1%          5    None
 Iskenderun's Battlesphe  Conj/Chrm      ########     1%          5    None
 Lightning Bolt           Conj/Air       ########..   1%          5    None
 Metabolic Englaciation   Hex/Ice        ########..   1%          5    None
 Venom Bolt               Conj/Pois      ########..   1%          5    None
 Bolt of Cold             Conj/Ice       ########..   1%          6    None
 Death Channel            Necr           ########..   1%          6    None
 Freezing Cloud           Conj/Ice/Air   ########..   1%          6    None
 Ozocubu's Refrigeration  Ice            ########..   1%          6    None
 Poison Arrow             Conj/Pois      ########..   1%          6    None
 Simulacrum               Ice/Necr       ########..   1%          6    None
 Orb of Destruction       Conj           ########..   1%          7    None
 Ring of Flames           Chrm/Fire      ########..   2%          7    None
 Yara's Violent Unravell  Hex/Tmut       ######....   3%          5    None
 Cause Fear               Hex            ######....   5%          4    None
 Passage of Golubria      Tloc           N/A          5%          4    None
 Summon Lightning Spire   Summ/Air       ######..     5%          4    None
 Spellforged Servitor     Conj/Summ      ########..   5%          7    None
 Blade Hands              Tmut           ######....   10%         5    None
 Alistair's Intoxication  Tmut/Pois      ######..     12%         5    None
 Aura of Abjuration       Summ           ######....   13%         5    None
 Silence                  Hex/Air        ######....   13%         5    None
 Summon Demon             Summ           ######....   13%         5    None
 Summon Forest            Summ/Tloc      ######....   13%         5    None
 Summon Mana Viper        Hex/Summ       ######..     13%         5    None
 Chain Lightning          Conj/Air       ########..   30%         8    ####...
 Hydra Form               Tmut           ######....   41%         6    None
 Haunt                    Necr/Summ      #######...   41%         7    None
 Borgnjor's Revivificati  Necr           ########..   41%         8    ####...
 Infestation              Necr           ########..   41%         8    ####...
 Darkness                 Hex            ######....   52%         6    None
 Deflect Missiles         Chrm/Air       ######....   52%         6    None
 Dispersal                Tloc           ######....   52%         6    None
 Invisibility             Hex            ######..     52%         6    None
 Shadow Creatures         Summ           N/A          52%         6    None
 Dragon Form              Tmut           ######....   91%         7    None
 Necromutation            Tmut/Necr      #######...   94%         8    ####...
 Malign Gateway           Summ/Tloc      ######....   96%         7    None
 Monstrous Menagerie      Summ           ######....   96%         7    None
 Summon Greater Demon     Summ           ######....   96%         7    None
 Summon Hydra             Summ           ######....   96%         7    None
 Death's Door             Chrm/Necr      #######...   96%         8    ####...
 Controlled Blink         Tloc           N/A          100%        8    ####...
 Discord                  Hex            ######....   100%        8    ####...
 Disjunction              Tloc           ######....   100%        8    ####...
 Summon Horrible Things   Summ           ######....   100%        8    ####...
 Sublimation of Blood     Necr           Unusable     N/A         2    N/A
 Statue Form              Tmut/Erth      Unusable     N/A         6    N/A

Dungeon Overview and Level Annotations

Branches:
Dungeon (15/15)            Temple (1/1) D:5            Lair (6/6) D:10
 Shoals (4/4) Lair:3        Snake (4/4) Lair:4        Slime (5/5) Lair:5
    Orc (2/2) D:12            Elf (3/3) Orc:2        Vaults (5/5) D:13
  Crypt (3/3) Vaults:3       Tomb (0/3) Crypt:3      Depths (5/5) D:15
    Zot (0/5) Depths:5

Altars:
Ashenzari
Cheibriados
Dithmenos
Elyvilon
Fedhas
Gozag
Hepliaklqana
Kikubaaqudgha
Makhleb
Nemelex Xobeh
Okawaru
Qazlal
Ru
Sif Muna
Trog
Uskayaw
Vehumet
Wu Jian
Xom
Yredelemnul
Zin
The Shining One
Beogh
Jiyva

Shops:
D:4 !   D:10 *   D:12 =   Orc:2 *![:   Elf:1 *[?   Shoals:4 (   Snake:2 ==
Vaults:1 *   Depths:1 }==   Depths:4 }

Portals:
Hell: Depths:1 Depths:2 Depths:3 Depths:4 Depths:5
Abyss: Depths:1 Depths:2 Depths:4 Depths:5
Pandemonium: Orc:2 Depths:3 Depths:5

Annotations:
D:10 2 transporters, lis82's ghost, novice DgFi
Lair:4 3 runed doors, Adamkad1's ghost, journeyman MiGl
Shoals:3 1 runed door, guttsta's ghost, journeyman HOFi
Vaults:4 3 runed doors, Taschum's ghost, adept DrAK


Innate Abilities, Weirdness & Mutations

You are resistant to torment.
Your stone body is resilient. (AC +20)
You are immune to poison.
Your large and strong wings let you fly indefinitely.
You resist negative energy. (rN+)
You are resistant to electric shocks. (rElec)
You can survive without breathing.
You are immune to petrification.
You are immune to rotting.
You are partially covered in large bone plates. (SH +4)
Your flesh is cold resistant. (rC+)
Your flesh is heat resistant. (rF+)
You do not regenerate when monsters are visible.
You are weak. (Str -2)
Your spells are a little harder to cast, but a little more powerful.


Message History

You destroy the greater mummy!
Vehumet accepts your kill.
You feel extremely nervous for a moment...
You are engulfed in negative energy!
You resist.
The phantasmal warrior disappears in a puff of smoke!
You feel your dexterity returning.
You destroy the greater mummy!
Vehumet accepts your kill.
You feel extremely nervous for a moment...
You are engulfed in negative energy!
You resist.
The caustic shrike zombie is almost destroyed.
The caustic shrike zombie is heavily damaged.
The greater mummy is moderately damaged.
You destroy the mummy!
Vehumet accepts your kill.
You destroy the guardian mummy!
Vehumet accepts your kill.
You feel extremely nervous for a moment...
You convulse helplessly as pain tears through your body!
You die...

........................
........................
M..§....................
M.§.§...................
..§§....................
...Z.M..................
..§..W.§................
...§...@................
..Z..M..................
MM.......3..............
........................
........§§..............
......§.................
........................
........................


You could see 4 greater mummies, a mummy priest, a soul eater, a guardian mummy,
a shadow and 2 caustic shrike zombies.

Vanquished Creatures
  Mara (Crypt:3)
  7 ancient liches
  Mennas (Depths:5)
  11 juggernauts
  10 greater mummies
  A shard shrike (Zig:17)
  Frederick (Vaults:2)
  Margery (Vaults:4)
  A Killer Klown (Zig:5)
  Vashnia (Snake:3)
  The ghost of Wamu the Black Belt, a veteran GnSk of Okawaru (Vaults:2)
  2 caustic shrikes (Depths:5)
  A pandemonium lord (Zig:24)
  Jory (Crypt:3)
  11 golden dragons
  A profane servitor (Crypt:3)
  2 bone dragons
  14 iron giants
  2 doom hounds (Zig:15)
  3 Tzitzimimeh
  15 tentacled monstrosities
  6 Hell Sentinels
  Rupert (Lair:3)
  10 Ice Fiends
  7 liches
  31 acid blobs
  2 deep elf blademasters
  5 deep elf master archers
  3 quicksilver dragons
  11 sphinxes
  15 titans
  A tentacled starspawn (Zig:12)
  Frances (Elf:1)
  Polyphemus (Shoals:3)
  5 ancient champions
  A kraken (Shoals:1)
  3 Executioners (Zig:24)
  3 shadow dragons
  16 tengu reavers
  Kirke (D:14)
  2 warmongers (Zig:24)
  The ghost of dleb1993 the Brawler, an adept TrMo of Hepliaklqana (Elf:2)
  4 storm dragons
  2 draconian monks (Zig:8)
  3 revenants
  3 iron dragons
  16 fire giants
  18 azure jellies
  7 draconian knights
  28 frost giants
  17 nagarajas
  5 draconian shifters
  17 ghost moths
  15 deep elf sorcerers
  6 balrugs
  3 cacodemons (Zig:24)
  23 vault wardens
  5 corrupters (Zig:24)
  2 draconian scorchers
  4 emperor scorpions
  Louise (Depths:2)
  3 orc warlords
  3 ghouls
  A caustic shrike zombie (Zig:23)
  7 deep elf elementalists
  3 curse skulls
  A draconian stormcaller (Zig:8)
  24 ironheart preservers
  12 very ugly things
  10 draconian annihilators
  4 spriggan defenders
  5 war gargoyles
  24 stone giants
  A caustic shrike skeleton (Zig:26)
  16 reapers
  8 entropy weavers
  2 blood saints
  8 deep elf demonologists
  Nessos (Lair:5)
  17 deep elf annihilators
  4 black suns (Zig:24)
  17 vampire knights
  13 spark wasps
  3 black draconians
  2 green deaths (Zig:24)
  3 eidola (Crypt:2)
  9 death oozes
  6 blizzard demons
  A crystal guardian (Vaults:2)
  8 deep elf death magi
  19 ettins
  17 fire dragons
  2 quicksilver dragon zombies
  12 deep elf high priests
  8 mummy priests
  9 merfolk impalers
  18 yaktaur captains
  An ice dragon (shapeshifter) (Depths:5)
  27 jiangshi
  11 great orbs of eyes
  Fannar (D:10)
  A quicksilver dragon skeleton (Zig:26)
  6 merfolk javelineers
  13 rakshasas
  10 ice dragons
  Erolcha (D:9)
  20 naga warriors
  A juggernaut simulacrum (Zig:17)
  8 hydras
  31 vault guards
  15 anacondas
  5 hell beasts
  A caustic shrike simulacrum (Zig:17)
  11 spriggan air magi
  An anaconda (shapeshifter) (Depths:5)
  16 merfolk aquamancers
  10 centaur warriors
  27 dancing weapons
  3 two-headed ogres (shapeshifter)
  47 two-headed ogres
  An alligator (Zig:21)
  3 satyrs
  3 merfolk avatars
  2 catoblepae
  4 death knights
  5 alligator snapping turtles (Zig:22)
  3 death scarabs
  4 deep troll earth magi
  3 deep troll shamans
  13 death yaks
  2 tengu warriors
  20 ogre magi
  A hell hog (Volcano)
  Urug (Lair:3)
  6 shock serpents
  9 spriggan berserkers
  28 deep elf knights
  9 vampire magi
  10 orc high priests
  18 naga sharpshooters
  9 soul eaters
  4 titan zombies
  3 sun demons
  An iron golem (Zig:23)
  3 storm dragon zombies
  4 wretched stars
  2 fire crabs (shapeshifter)
  8 hell knights
  6 salamander mystics
  3 shadow wraiths (Crypt:3)
  An unseen horror (shapeshifter) (Elf:3)
  14 sea snakes
  An anaconda zombie (Crypt:1)
  An infernal demonspawn (Depths:3)
  3 golden dragon zombies
  A spatial maelstrom (Zig:12)
  2 gelid demonspawn (Orc:2)
  A torturous demonspawn (Zig:24)
  A spark wasp zombie (Zig:15)
  36 deep trolls
  2 deep trolls (shapeshifter)
  6 unseen horrors
  A sea snake (shapeshifter) (Vaults:4)
  36 skeletal warriors
  A spriggan druid (Zig:21)
  3 tengu zombies
  A storm dragon skeleton (Depths:3)
  9 swamp dragons
  6 glowing orange brains
  5 phantasmal warriors
  10 wizards
  12 flayed ghosts
  9 naga ritualists
  2 shadow demons (Zig:24)
  A kraken simulacrum (Shoals:4)
  An orange crystal statue (Zig:18)
  An anaconda skeleton (Crypt:1)
  30 deep elf archers
  25 ironbrand convokers
  A lindwurm (Lair:6)
  A shadow dragon zombie (Zig:16)
  Pikel (D:8)
  19 harpies
  18 mana vipers
  16 wolf spiders
  A mana viper (shapeshifter) (Zig:7)
  A golden dragon skeleton (Crypt:3)
  15 orc knights
  9 shining eyes
  An orb spider (shapeshifter) (Depths:5)
  6 orb spiders (Zig:18)
  12 necromancers
  A stone giant zombie (Depths:1)
  91 deep elf magi
  The ghost of levstk the Nimble, a novice SpAK of Lugonu (D:7)
  A sphinx skeleton (Crypt:2)
  2 wolf spiders (shapeshifter)
  14 cyclopes
  2 iron dragon zombies
  19 large abominations
  14 orc sorcerers
  8 oklob plants
  2 frost giant zombies
  18 salamanders
  7 elf zombies
  4 fauns
  19 manticores
  51 ugly things
  9 elephants
  2 fauns (shapeshifter)
  11 guardian serpents
  7 moths of wrath
  An apocalypse crab (Zig:5)
  2 guardian serpents (shapeshifter)
  Maurice (D:9)
  8 eyes of devastation
  38 naga magi
  11 merfolk sirens
  48 black mambas
  15 rust devils
  21 vault sentinels
  12 water nymphs
  A spiny frog (shapeshifter) (Vaults:5)
  3 orange demons
  2 gargoyles
  4 smoke demons
  13 spiny frogs
  A torpor snail (Zig:18)
  A torpor snail (shapeshifter) (Zig:5)
  Psyche (D:8)
  6 rime drakes
  A minotaur zombie (Crypt:2)
  A spriggan skeleton (Zig:26)
  A shock serpent skeleton (Crypt:2)
  10 hellions
  4 demonic crawlers
  2 kobold demonologists (Elf:1)
  An efreet (D:14)
  A komodo dragon (shapeshifter) (Vaults:2)
  A hellwing (Orc:2)
  A yaktaur zombie (Vaults:4)
  A grey draconian zombie (Crypt:2)
  15 guardian mummies
  6 komodo dragons
  32 yaktaurs
  13 freezing wraiths
  A golden dragon simulacrum (Depths:3)
  2 ancient zymes (Abyss:5)
  11 tormentors
  11 trolls
  8 ice devils
  3 tengu conjurers
  7 jumping spiders
  38 merfolk
  2 silent spectres
  A sphinx simulacrum (Zig:17)
  A harpy skeleton (D:15)
  3 wind drakes
  A merfolk (shapeshifter) (Depths:2)
  2 polar bears
  A deep troll zombie (Depths:1)
  2 hydra skeletons
  A dream sheep (shapeshifter) (Depths:3)
  11 hippogriffs
  3 bog bodies
  8 hornets
  130 slime creatures
  An iron dragon simulacrum (Zig:10)
  20 blink frogs
  9 raiju (Abyss:5)
  An ice dragon zombie (Crypt:1)
  2 fire giant simulacra
  8 snapping turtles
  Sigmund (D:4)
  2 redbacks (shapeshifter)
  7 air elementals
  72 flying skulls
  An ice dragon skeleton (Crypt:1)
  8 tarantellas
  2 spriggans (shapeshifter)
  11 shadows
  3 wyverns
  6 ynoxinuls
  14 redbacks
  2 spriggans (Depths:3)
  5 starcursed masses
  An alligator skeleton (Crypt:2)
  13 ushabtiu
  6 vampires
  2 fire elementals
  2 tarantellas (shapeshifter)
  A fire bat (Volcano)
  32 yaks
  5 hogs
  17 water elementals
  3 basilisks
  3 golden eyes
  17 wraiths
  A human (D:9)
  5 neqoxecs
  3 chaos spawn
  2 elf skeletons (Zig:15)
  2 hungry ghosts
  7 vampire mosquitoes
  A steam dragon (D:7)
  2 wargs
  A glowing shapeshifter zombie (Crypt:2)
  A soldier ant (D:13)
  A torturous demonspawn zombie (Crypt:1)
  A two-headed ogre zombie (WizLab)
  A warg (shapeshifter) (Depths:3)
  3 acid dragons
  52 nagas
  2 tengu skeletons
  5 hell hounds
  2 floating eyes
  17 water moccasins
  7 porcupines
  A swamp drake (Zig:21)
  A sky beast (shapeshifter) (D:15)
  2 human skeletons
  12 necrophages
  An elf simulacrum (Zig:17)
  An ice beast (shapeshifter) (Vaults:1)
  A slave (D:8)
  7 sky beasts
  4 black bears
  13 eyes of draining
  37 orc warriors
  2 phantoms
  10 ice beasts
  A hornet zombie (D:15)
  33 ogres
  A black mamba simulacrum (Crypt:3)
  An ettin simulacrum (Vaults:4)
  5 wolves (Lair:6)
  11 boggarts
  15 centaurs
  11 crocodiles
  A crocodile (shapeshifter) (Vaults:5)
  2 big kobolds
  Blork the orc (D:4)
  17 bullfrogs
  A hippogriff skeleton (Crypt:2)
  3 earth elementals
  2 wyvern zombies
  6 small abominations
  6 scorpions
  A water moccasin skeleton (D:7)
  3 wyvern skeletons
  A scorpion (shapeshifter) (Vaults:1)
  9 troll zombies (WizLab)
  6 spriggan zombies
  3 killer bees (D:10)
  28 wights
  7 electric eels
  A howler monkey (D:5)
  4 bullfrog zombies
  4 crimson imps
  7 centaur zombies
  2 jellies
  7 hounds
  14 orc wizards
  2 bullfrog skeletons
  3 centaur skeletons
  23 orc priests
  A demonspawn skeleton (Crypt:1)
  13 iron imps
  An iguana (D:7)
  Natasha (thrice) (D:2)
  10 worker ants
  A lightning spire (Zig:25)
  A killer bee zombie (D:9)
  A big kobold zombie (Crypt:1)
  6 ogre zombies (WizLab)
  A felid skeleton (Crypt:2)
  A hound skeleton (D:5)
  25 mummies
  2 worker ant zombies
  An adder (shapeshifter) (Vaults:5)
  3 gnolls (D:5)
  A howler monkey skeleton (D:6)
  21 adders
  6 shadow imps
  An adder skeleton (D:4)
  5 worms
  3 leopard geckos
  88 orcs
  4 ball pythons
  3 giant cockroaches
  10 hobgoblins
  10 jackals
  7 quokkas
  9 bats
  5 frilled lizards
  7 goblins
  2 jackal skeletons
  14 kobolds
  2 kobold zombies
  6 rats (D:2)
  155 fire vortices
  A fungus (Lair:5)
  12 plants
  A tentacle (Shoals:1)
  A toadstool (D:1)
3452 creatures vanquished.

Vanquished Creatures (collateral kills)
  the Royal Jelly (Slime:5)
  Boris (Crypt:2)
  A greater mummy (Zig:10)
  A vault warden (Vaults:5)
  2 very ugly things
  An ettin (Zig:19)
  A starcursed mass (Zig:12)
  An elf zombie (Zig:16)
  2 slime creatures
  2 mummies
  An orc (D:3)
14 creatures vanquished.

Vanquished Creatures (others)
  An Executioner (Zig:24)
  An emperor scorpion (Zig:22)
  A stone giant (Zig:25)
  A catoblepas (Shoals:3)
  A two-headed ogre (Volcano)
  A dancing weapon (Elf:2)
  A vampire mage (Depths:5)
  A deep elf knight (Elf:1)
  A sea snake (Shoals:4)
  An unseen horror (D:15)
  A naga ritualist (Snake:3)
  A deep elf mage (Elf:1)
  An efreet (Zig:4)
  A shadow (D:14)
  A water elemental (Elf:2)
  A human (Depths:4)
  An ogre (Vaults:5)
  A centaur (Volcano)
  A bullfrog (D:8)
  A crimson imp (D:8)
  A shadow imp (D:14)
  2 orcs
  311 fire vortices
  8 fungi
  27 plants
  19 tentacles (Shoals:1)
  3 toadstools (D:1)
391 creatures vanquished.

Grand Total: 3857 creatures vanquished

Notes
Turn   | Place    | Note
-------+----------+-------------------------------------------
     0 | D:1      | Mazzaar the Gargoyle Earth Elementalist began the quest for
                  | the Orb.
     0 | D:1      | Reached XP level 1. HP: 10/10 MP: 3/3
   548 | D:1      | Reached XP level 2. HP: 15/15 MP: 3/5
  1440 | D:2      | Reached XP level 3. HP: 19/19 MP: 6/6
  1445 | D:2      | Learned a level 3 spell: Stone Arrow
  1509 | D:2      | Noticed Natasha
  1530 | D:2      | Killed Natasha
  1530 | D:2      | Reached skill level 1 in Conjurations
  1730 | D:2      | Found a radiant altar of Vehumet.
  1733 | D:2      | Became a worshipper of Vehumet
  1762 | D:2      | Reached XP level 4. HP: 24/24 MP: 8/8
  1876 | D:2      | You fall through a shaft for 2 floors!
  1876 | D:4      | Noticed Blork the orc
  2585 | D:2      | Reached skill level 5 in Earth Magic
  2633 | D:2      | Found a sparkling altar of Nemelex Xobeh.
  2676 | D:2      | Reached XP level 5. HP: 22/28 MP: 9/9
  2683 | D:2      | Learned a level 5 spell: Lee's Rapid Deconstruction
  2860 | D:2      | Noticed Natasha
  2862 | D:2      | Killed Natasha
  2946 | D:2      | Noticed Natasha
  2954 | D:2      | Killed Natasha
  2954 | D:2      | Reached * piety under Vehumet
  2954 | D:2      | Offered knowledge of Magic Dart by Vehumet.
  3185 | D:3      | You fall through a shaft for 2 floors!
  3185 | D:5      | Entered Level 5 of the Dungeon
  3359 | D:3      | Reached XP level 6. HP: 25/32 MP: 11/11
  4171 | D:4      | Noticed Sigmund
  4177 | D:4      | Killed Sigmund
  4177 | D:4      | Reached XP level 7. HP: 28/36 MP: 1/13
  4301 | D:4      | Killed Blork the orc
  4853 | D:4      | Found Zybraga's Distillery.
  4863 | D:4      | Bought a potion of curing for 36 gold pieces
  4863 | D:4      | Bought a potion of heal wounds for 60 gold pieces
  4863 | D:4      | Bought a potion of invisibility for 96 gold pieces
  4863 | D:4      | Bought a potion of curing for 36 gold pieces
  4969 | D:5      | Noticed a yak
  4969 | D:5      | Noticed a yak
  4969 | D:5      | Noticed a yak
  4977 | D:4      | Killed a yak
  5315 | D:3      | Killed a yak
  5315 | D:3      | Reached skill level 5 in Spellcasting
  5315 | D:3      | Reached skill level 5 in Conjurations
  5315 | D:3      | Reached XP level 8. HP: 34/41 MP: 3/15
  5450 | D:4      | Killed a yak
  5575 | D:5      | Got a faintly glowing iron ring
  5577 | D:5      | Identified the ring of Joy {-Tele MR++ MP+9 Dex+4} (You
                  | found it on level 5 of the Dungeon)
  5586 | D:5      | Found a staircase to the Ecumenical Temple.
  5631 | D:5      | Reached skill level 1 in Armour
  5632 | D:5      | Reached ** piety under Vehumet
  5632 | D:5      | Offered knowledge of Searing Ray by Vehumet.
  5923 | D:5      | Reached skill level 1 in Fighting
  5923 | D:5      | Reached skill level 1 in Maces & Flails
  5923 | D:5      | Reached skill level 1 in Evocations
  6244 | Temple   | Entered the Ecumenical Temple
  6720 | D:6      | Reached XP level 9. HP: 29/48 MP: 16/17
  7247 | D:6      | Found a glowing golden altar of the Shining One.
  7249 | D:6      | Found a stormy altar of Qazlal.
  7374 | D:6      | Found a basalt altar of Yredelemnul.
  7602 | D:7      | Offered knowledge of Throw Flame by Vehumet.
  7806 | D:7      | Found a shadowy altar of Dithmenos.
  7846 | D:7      | Found a hazy altar of Hepliaklqana.
  7922 | D:7      | Found a runed gate.
  7924 | D:7      | Found a runed gate.
  7925 | D:7      | Found a runed gate.
  7927 | D:7      | Noticed levstk's ghost (novice SpAK)
  7934 | D:7      | Identified the +11 trident of Thoughtfulness {pain, rPois
                  | Dex+3}
  7968 | D:7      | Reached *** piety under Vehumet
  7969 | D:7      | Killed levstk's ghost
  7975 | D:7      | Reached XP level 10. HP: 33/56 MP: 5/19
  8309 | D:7      | Found a roughly hewn altar of Beogh.
  9006 | D:8      | Noticed Pikel
  9013 | D:8      | Killed Pikel
  9013 | D:8      | Reached skill level 1 in Polearms
  9102 | D:8      | Offered knowledge of Static Discharge by Vehumet.
  9121 | D:8      | Noticed Psyche
  9124 | D:8      | Paralysed by Psyche for 3 turns
  9140 | D:8      | Killed Psyche
 10136 | D:8      | Found a shattered altar of Ashenzari.
 10310 | D:9      | Reached skill level 5 in Armour
 10330 | D:9      | Learned a level 5 spell: Bolt of Magma
 10337 | D:9      | Learned a level 6 spell: Iron Shot
 10496 | D:9      | Reached skill level 5 in Fighting
 10606 | D:9      | Noticed Erolcha
 10610 | D:9      | Killed Erolcha
 10610 | D:9      | Reached skill level 1 in Fire Magic
 10610 | D:9      | Reached XP level 11. HP: 46/63 MP: 19/21
 10649 | D:9      | Reached skill level 2 in Fire Magic
 10732 | D:9      | Reached **** piety under Vehumet
 10814 | D:9      | Noticed a two-headed ogre
 10825 | D:9      | Killed a two-headed ogre
 10825 | D:9      | Offered knowledge of Olgreb's Toxic Radiance by Vehumet.
 10825 | D:9      | Reached skill level 3 in Fire Magic
 11328 | D:9      | Noticed Maurice
 11537 | D:10     | Entered Level 10 of the Dungeon
 11537 | D:10     | Found Bomad's Lightly-Used Armoury.
 11537 | D:10     | Identified the cursed +1 glaive "Ajuoch" {vamp, Int+4}
 11537 | D:10     | Noticed an orc knight
 11545 | D:10     | Identified the +9 flail of Wrath {vamp, +Inv}
 11546 | D:10     | Found a bloodstained altar of Trog.
 11546 | D:10     | Noticed lis82's ghost (novice DgFi)
 11546 | D:10     | Noticed a moth of wrath
 11605 | D:9      | Killed Maurice
 11921 | D:10     | Noticed a two-headed ogre
 11929 | D:10     | Killed a two-headed ogre
 11929 | D:10     | Reached skill level 4 in Fire Magic
 12389 | D:10     | Identified the +8 long sword of Wozayx {drain, rElec rC+}
 12389 | D:10     | Noticed a tengu warrior
 12406 | D:9      | Reached skill level 5 in Evocations
 12522 | D:10     | Noticed Fannar
 12550 | D:10     | HP: 3/64 [ice beast[Fannar] (9)]
 12553 | D:10     | Killed Fannar
 12553 | D:10     | Reached skill level 5 in Dodging
 12553 | D:10     | Reached XP level 12. HP: 23/70 MP: 1/23
 12554 | D:10     | Reached skill level 10 in Earth Magic
 12966 | D:10     | Noticed a two-headed ogre
 12972 | D:10     | Killed a two-headed ogre
 12972 | D:10     | Reached skill level 5 in Fire Magic
 13140 | D:10     | Noticed a centaur warrior
 13149 | D:10     | Killed a centaur warrior
 13561 | D:10     | Found a bloodstained altar of Trog.
 13581 | D:10     | Reached ***** piety under Vehumet
 13581 | D:10     | Offered knowledge of Iskenderun's Mystic Blast by Vehumet.
 13881 | D:10     | Reached skill level 6 in Fire Magic
 14230 | D:10     | Found a staircase to the Lair.
 14263 | D:10     | Found a transporter.
 14265 | D:10     | Found a transporter.
 14696 | D:11     | Noticed a two-headed ogre
 14700 | D:11     | Killed a two-headed ogre
 15288 | D:11     | Reached XP level 13. HP: 76/76 MP: 19/25
 15926 | D:12     | Reached skill level 7 in Fire Magic
 15940 | D:12     | Reached skill level 5 in Polearms
 16263 | D:12     | Identified the +1 falchion of the Insatiable Cities
                  | {freeze, rPois rC+ MP+9}
 16263 | D:12     | Noticed a deep elf annihilator
 16291 | D:12     | Killed a deep elf annihilator
 16291 | D:12     | Noticed a frost giant
 16292 | D:12     | Noticed a tengu reaver
 16935 | D:12     | Found Xupy's Jewellery Emporium.
 17137 | D:12     | Found a staircase to the Orcish Mines.
 17384 | D:12     | Noticed a yaktaur captain
 17412 | D:12     | Killed a frost giant
 17518 | D:12     | Killed a yaktaur captain
 17675 | D:12     | Killed a tengu reaver
 17675 | D:12     | Reached skill level 8 in Fire Magic
 17912 | D:12     | Learned a level 1 spell: Animate Skeleton
 18014 | D:13     | Reached skill level 1 in Necromancy
 19090 | D:13     | Found a gate to the Vaults.
 19365 | D:14     | Offered knowledge of Sticky Flame by Vehumet.
 19367 | D:14     | Reached skill level 5 in Necromancy
 19411 | D:14     | Gained mutation: Your large and strong wings let you fly
                  | indefinitely. [Gargoyle growth]
 19411 | D:14     | Reached XP level 14. HP: 83/83 MP: 15/26
 20509 | D:14     | Found a snail-covered altar of Cheibriados.
 20625 | D:14     | Noticed Kirke
 20633 | D:14     | Killed Kirke
 20934 | D:14     | You are sucked into a shaft!
 20934 | D:15     | Entered Level 15 of the Dungeon
 22777 | D:15     | Reached skill level 10 in Necromancy
 23238 | D:15     | Found a shattered altar of Ashenzari.
 23245 | D:15     | Reached XP level 15. HP: 88/88 MP: 11/27
 23480 | D:15     | Found a staircase to the Depths.
 23917 | Lair:1   | Entered Level 1 of the Lair of Beasts
 24246 | Lair:1   | Gained mutation: Armour fits poorly on your strangely
                  | shaped body. [potion of mutation]
 24246 | Lair:1   | Gained mutation: Your muscles are strong. (Str +2) [potion
                  | of mutation]
 24246 | Lair:1   | Gained mutation: You have a beak for a mouth. [potion of
                  | mutation]
 25405 | Lair:2   | Reached skill level 9 in Fire Magic
 25632 | Lair:3   | Noticed Rupert
 25645 | Lair:3   | Killed Rupert
 25645 | Lair:3   | Reached skill level 10 in Conjurations
 25697 | Lair:3   | Noticed Urug
 25702 | Lair:3   | Killed Urug
 25757 | Lair:3   | Found a staircase to the Shoals.
 25944 | Lair:3   | Found a dark tunnel.
 25951 | Volcano  | Entered a volcano
 26433 | Lair:3   | Offered knowledge of Bolt of Fire by Vehumet.
 26441 | Lair:3   | Learned a level 6 spell: Bolt of Fire
 27806 | Lair:4   | Reached XP level 16. HP: 95/95 MP: 29/29
 28125 | Lair:4   | Found a staircase to the Snake Pit.
 28604 | Lair:4   | Reached skill level 10 in Fire Magic
 28672 | Lair:4   | Found a runed gate.
 28672 | Lair:4   | Found a runed gate.
 28672 | Lair:4   | Found a runed gate.
 28675 | Lair:4   | Noticed Adamkad1's ghost (journeyman MiGl)
 28975 | Lair:5   | Noticed Nessos
 28978 | Lair:5   | Killed Nessos
 29699 | Lair:5   | Found a viscous altar of Jiyva.
 29700 | Lair:5   | Found a staircase to the Slime Pits.
 30038 | Lair:6   | Entered Level 6 of the Lair of Beasts
 30597 | Lair:6   | Offered knowledge of Poison Arrow by Vehumet.
 30597 | Lair:6   | Reached XP level 17. HP: 100/100 MP: 30/30
 31633 | Lair:6   | Found the +8 storm bow {elec}
 31908 | Orc:1    | Entered Level 1 of the Orcish Mines
 32356 | Orc:2    | Entered Level 2 of the Orcish Mines
 32876 | Orc:2    | Found a staircase to the Elven Halls.
 33254 | Orc:2    | Paralysed by an orc sorcerer for 5 turns
 33460 | Orc:2    | Found Estrevom's Distillery.
 33462 | Orc:2    | Found Paodghodu's General Store.
 33480 | Orc:2    | Offered knowledge of Freezing Cloud by Vehumet.
 33669 | Orc:2    | Bought a potion of mutation for 120 gold pieces
 33669 | Orc:2    | Bought a potion of heal wounds for 75 gold pieces
 33671 | Orc:2    | Lost mutation: Armour fits poorly on your strangely shaped
                  | body. [potion of mutation]
 33671 | Orc:2    | Gained mutation: You are somewhat resistant to further
                  | mutation. [potion of mutation]
 33952 | Orc:2    | Reached skill level 11 in Fire Magic
 34343 | Orc:2    | Found Famoupli's Book Shop.
 34343 | Orc:2    | Found a one-way gate leading to the halls of Pandemonium.
 34343 | Orc:2    | Found Yzui's Antique Armour Boutique.
 34506 | Elf:1    | Entered Level 1 of the Elven Halls
 34543 | Elf:1    | Found a radiant altar of Vehumet.
 34582 | Elf:1    | Reached skill level 10 in Fighting
 34754 | Elf:1    | Reached skill level 10 in Spellcasting
 34912 | Elf:1    | Found a deep blue altar of Sif Muna.
 35345 | Elf:1    | Identified the amulet "Meleutho" {Gourm rElec rF++ rC- rN+}
 36044 | Elf:1    | Found Ikkador's Assorted Antiques.
 36051 | Elf:1    | Bought a scroll of identify for 54 gold pieces
 36051 | Elf:1    | Bought a scroll of identify for 54 gold pieces
 36051 | Elf:1    | Bought a coiled lead ring for 135 gold pieces
 36051 | Elf:1    | Identified the ring "Duvog" {rF++ rC+} (You bought it in a
                  | shop on level 1 of the Elven Halls)
 36063 | Elf:1    | Found Ozaivios's Armour Shoppe.
 36087 | Elf:1    | Bought a +1 pair of boots of running for 365 gold pieces
 36312 | Elf:1    | Reached XP level 18. HP: 34/108 MP: 8/32
 36611 | Elf:1    | Noticed Frances
 36617 | Elf:1    | Killed Frances
 36868 | Elf:1    | Found Yraurobe's Magic Scroll Shoppe.
 36875 | Elf:1    | Bought a scroll of identify for 20 gold pieces
 36875 | Elf:1    | Bought a scroll of identify for 20 gold pieces
 36875 | Elf:1    | Bought a scroll of magic mapping for 35 gold pieces
 36884 | Elf:1    | Offered knowledge of Bolt of Cold by Vehumet.
 37223 | Elf:2    | Reached skill level 12 in Fire Magic
 38139 | Elf:2    | Found a runed door.
 38153 | Elf:2    | Noticed dleb1993's ghost (adept TrMo)
 38192 | Elf:2    | Found a radiant altar of Vehumet.
 38282 | Elf:2    | Found a runed gate.
 38298 | Elf:2    | Found a runed gate.
 38299 | Elf:2    | Found a runed gate.
 38368 | Elf:3    | Entered Level 3 of the Elven Halls
 38504 | Elf:3    | Found a magical portal.
 38513 | WizLab   | Entered Zonguldrok's Shrine
 38792 | WizLab   | Reached ****** piety under Vehumet
 39493 | WizLab   | Reached skill level 10 in Polearms
 39629 | WizLab   | Offered knowledge of Ozocubu's Refrigeration by Vehumet.
 39694 | WizLab   | Noticed an antique lich
 39701 | WizLab   | Killed an antique lich
 41125 | Elf:3    | Noticed a deep elf blademaster
 41129 | Elf:3    | Identified Sif Muna's Collected Works on Unstable
                  | Translocation
 41929 | Snake:1  | Entered Level 1 of the Snake Pit
 41949 | Snake:1  | Reached skill level 13 in Fire Magic
 42445 | Snake:1  | Reached XP level 19. HP: 115/115 MP: 14/33
 42830 | Snake:1  | Identified a scroll of acquirement
 43823 | Snake:2  | Found Umnumom's Jewellery Shop.
 43823 | Snake:2  | Found Kypiakhlif's Jewellery Boutique.
 44126 | Snake:3  | Offered knowledge of Lehudib's Crystal Spear by Vehumet.
 44126 | Snake:3  | Offered knowledge of Fire Storm by Vehumet.
 44126 | Snake:3  | Offered knowledge of Glaciate by Vehumet.
 45211 | Snake:3  | Noticed Vashnia
 45612 | Snake:3  | Killed Vashnia
 46120 | Snake:3  | Reached skill level 14 in Fire Magic
 47417 | Snake:4  | Entered Level 4 of the Snake Pit
 47585 | Snake:4  | Reached XP level 20. HP: 119/122 MP: 35/35
 48454 | Snake:4  | Reached skill level 10 in Dodging
 48919 | Shoals:1 | Entered Level 1 of the Shoals
 50920 | Shoals:2 | Reached skill level 15 in Earth Magic
 51389 | Shoals:2 | Reached skill level 15 in Fire Magic
 52130 | Shoals:3 | Found a runed door.
 52130 | Shoals:3 | Found a shimmering altar of Xom.
 52130 | Shoals:3 | Noticed guttsta's ghost (journeyman HOFi)
 52408 | Shoals:3 | Noticed Polyphemus
 53501 | Snake:4  | Got a serpentine rune of Zot
 54537 | Shoals:3 | Reached XP level 21. HP: 120/128 MP: 37/37
 54594 | Shoals:3 | Killed Polyphemus
 54944 | Shoals:4 | Entered Level 4 of the Shoals
 54944 | Shoals:4 | Found Zabbuaq's Weapon Boutique.
 56811 | Shoals:4 | Got a barnacled rune of Zot
 57768 | Vaults:1 | Entered Level 1 of the Vaults
 57803 | Vaults:1 | Found a portal to a secret trove of treasure.
 57820 | Vaults:1 | Found Wiupp's General Store.
 58861 | Vaults:1 | Reached skill level 16 in Fire Magic
 59176 | Vaults:1 | Identified the cursed +1 robe of Calculation {Str+3} (You
                  | found it on level 1 of the Vaults)
 60407 | Vaults:1 | Reached XP level 22. HP: 136/136 MP: 20/38
 61887 | Vaults:2 | Noticed Frederick
 61958 | Vaults:2 | Killed Frederick
 62182 | Vaults:1 | You paid a toll of a +6 demon blade to enter a treasure
                  | trove
 62183 | Trove    | Entered a treasure trove
 62203 | Trove    | Identified Vant's Compendium of Conjuration and Execration
 62225 | Trove    | Identified the Compendium of the Volcanoes and Unholy Rites
 62233 | Trove    | Identified Iwnes's Tome of Flight and Earth
 62250 | Trove    | Identified the Volume of Lethal Clay
 62253 | Trove    | Identified Sif Muna's Volume of Confrontation
 62261 | Trove    | Identified Sif Muna's Grimoire of Ignition
 62300 | Vaults:1 | Learned a level 2 spell: Shroud of Golubria
 62310 | Vaults:1 | Learned a level 9 spell: Fire Storm
 62321 | Vaults:1 | Learned a level 9 spell: Shatter
 63424 | Vaults:2 | Found a runed door.
 63430 | Vaults:2 | Noticed Wamu's ghost (veteran GnSk)
 64021 | Vaults:2 | Killed Wamu's ghost
 65680 | Vaults:3 | Reached skill level 17 in Fire Magic
 66027 | Vaults:3 | Found a staircase to the Crypt.
 66637 | Vaults:4 | Reached skill level 15 in Conjurations
 66752 | Vaults:4 | Reached XP level 23. HP: 132/142 MP: 14/40
 66936 | Vaults:4 | Noticed Margery
 66944 | Vaults:4 | Killed Margery
 68046 | Vaults:4 | Identified the cursed +1 quarterstaff of Fury {chaos, Int+4
                  | Dex+3}
 68366 | Vaults:4 | Found a runed gate.
 68366 | Vaults:4 | Found a runed gate.
 68366 | Vaults:4 | Found a runed gate.
 68368 | Vaults:4 | Noticed Taschum's ghost (adept DrAK)
 69145 | Vaults:3 | Gained mutation: Scrolls take you a little longer to read.
                  | [mutagenic glow]
 69203 | Vaults:3 | Lost mutation: Your muscles are strong. (Str +2) [mutagenic
                  | glow]
 69378 | Vaults:3 | Lost mutation: Scrolls take you a little longer to read.
                  | [potion of mutation]
 69378 | Vaults:3 | Lost mutation: You are somewhat resistant to further
                  | mutation. [potion of mutation]
 69378 | Vaults:3 | Gained mutation: Scrolls take you a little longer to read.
                  | [potion of mutation]
 69378 | Vaults:3 | Gained mutation: You are agile. (Dex +2) [potion of
                  | mutation]
 69379 | Vaults:3 | Lost mutation: Scrolls take you a little longer to read.
                  | [potion of mutation]
 69379 | Vaults:3 | Lost mutation: You are agile. (Dex +2) [potion of mutation]
 69379 | Vaults:3 | Gained mutation: You tend to lose your temper in combat.
                  | [potion of mutation]
 69379 | Vaults:3 | Gained mutation: Your mind is acute. (Int +2) [potion of
                  | mutation]
 69380 | Vaults:3 | Lost mutation: You have a beak for a mouth. [potion of
                  | mutation]
 69380 | Vaults:3 | Lost mutation: You tend to lose your temper in combat.
                  | [potion of mutation]
 69380 | Vaults:3 | Lost mutation: Your mind is acute. (Int +2) [potion of
                  | mutation]
 69380 | Vaults:3 | Gained mutation: You are partially covered in large bone
                  | plates. (SH +4) [potion of mutation]
 69380 | Vaults:3 | Gained mutation: Your flesh is cold resistant. (rC+)
                  | [potion of mutation]
 69380 | Vaults:3 | Gained mutation: Your spells are a little harder to cast,
                  | but a little more powerful. [potion of mutation]
 70384 | Depths:1 | Entered Level 1 of the Depths
 70391 | Depths:1 | Paralysed by a vampire knight for 4 turns
 71555 | Elf:3    | Reached skill level 18 in Fire Magic
 72145 | Elf:3    | Reached skill level 15 in Fighting
 72666 | Elf:3    | Reached XP level 24. HP: 150/150 MP: 28/40
 72885 | Elf:3    | Identified the Reference Book on Toxic Feathers
 74502 | Vaults:5 | Entered Level 5 of the Vaults
 74903 | Crypt:1  | Entered Level 1 of the Crypt
 76069 | Depths:1 | Found a gateway to a ziggurat.
 76114 | Depths:1 | Found a one-way gate to the infinite horrors of the Abyss.
 76628 | Depths:1 | Found Kaphiwah's Jewellery Shop.
 76629 | Depths:1 | Found Ybulueh's Gadget Shoppe.
 76630 | Depths:1 | Found Fussatops's Jewellery Shop.
 76916 | Depths:1 | Found a gateway to Hell.
 77341 | Depths:2 | Noticed Louise
 77352 | Depths:2 | Killed Louise
 77378 | Depths:2 | Reached skill level 19 in Fire Magic
 77878 | Depths:2 | Reached XP level 25. HP: 157/157 MP: 38/41
 80282 | Depths:3 | Noticed a juggernaut
 80285 | Depths:3 | Killed a juggernaut
 81401 | Depths:4 | Found Olegannush's Gadget Shop.
 81498 | Depths:4 | Reached skill level 15 in Spellcasting
 81498 | Depths:4 | Reached skill level 20 in Fire Magic
 81506 | Depths:4 | Reached XP level 26. HP: 163/164 MP: 42/42
 81652 | Depths:4 | Noticed a juggernaut
 81665 | Depths:4 | Killed a juggernaut
 83088 | Depths:4 | Found a runed door.
 83478 | Depths:4 | Noticed an ancient lich
 83478 | Depths:4 | Noticed an ancient lich
 83482 | Depths:4 | Killed an ancient lich
 83485 | Depths:4 | Killed an ancient lich
 83490 | Depths:4 | Got a translucent hat
 83607 | Depths:4 | Identified the +0 hat of Untruth {Int+6} (You found it on
                  | level 4 of the Depths)
 83662 | Depths:4 | Identified the +0 hat of the Big Bang {Regen+} (You found
                  | it on level 4 of the Depths)
 83911 | Depths:5 | Entered Level 5 of the Depths
 83932 | Depths:5 | Reached skill level 15 in Polearms
 83933 | Depths:5 | Identified the cursed +0 large shield of Gestures {rF-
                  | Int+3 Slay+5}
 83933 | Depths:5 | Noticed Mennas
 83936 | Depths:5 | Killed Mennas
 84769 | Depths:5 | Reached skill level 21 in Fire Magic
 84769 | Depths:5 | Reached XP level 27. HP: 113/172 MP: 22/42
 84986 | Depths:5 | Identified Teplelih's Incunabulum of the Ashen Frostbite
 85153 | Depths:5 | Found a gate to the Realm of Zot.
 85690 | Depths:5 | Noticed an ancient lich
 85691 | Depths:5 | Cast into level 5 of the Abyss (an ancient lich)
 85691 | Abyss:5  | Entered Level 5 of the Abyss
 85915 | Depths:5 | Escaped the Abyss
 85917 | Depths:5 | Killed an ancient lich
 85957 | Depths:5 | Paralysed by the power of Zot for 5 turns
 86685 | Vaults:5 | Noticed an ancient lich
 86689 | Vaults:5 | Killed an ancient lich
 87779 | Vaults:5 | Identified the cursed +0 pair of gloves "Voenot" {rN+
                  | Str+5} (You found it on level 5 of the Vaults)
 87782 | Vaults:5 | Got a glittering ruby amulet
 87783 | Vaults:5 | Identified the amulet "Huvve Reqog" {Spirit +Fly} (You
                  | found it on level 5 of the Vaults)
 87859 | Vaults:5 | Identified the Tome of Earthen Shape Shifting
 88363 | Vaults:5 | Got a silver rune of Zot
 89485 | Elf:2    | Killed dleb1993's ghost
 90732 | Crypt:2  | Reached skill level 1 in Throwing
 90732 | Crypt:2  | Reached skill level 22 in Fire Magic
 90942 | Crypt:2  | Noticed Boris
 90951 | Crypt:2  | Killed Boris
 91967 | Crypt:3  | Entered Level 3 of the Crypt
 92858 | Crypt:3  | Found a basalt altar of Yredelemnul.
 93027 | Crypt:3  | Noticed Mara
 93220 | Crypt:3  | Noticed Mazzaar's illusion
 93222 | Crypt:3  | Killed Mara
 93247 | Crypt:3  | Noticed Jory
 93250 | Crypt:3  | Killed Jory
 93250 | Crypt:3  | Reached skill level 15 in Dodging
 93357 | Crypt:3  | Found a staircase to the Tomb.
 94272 | Slime:1  | Entered Level 1 of the Pits of Slime
 94707 | Slime:3  | Gained mutation: You do not regenerate when monsters are
                  | visible. [a shining eye]
 94923 | Slime:3  | Reached skill level 5 in Throwing
 95528 | Slime:5  | Entered Level 5 of the Pits of Slime
 95686 | Slime:5  | Reached skill level 23 in Fire Magic
 95690 | Slime:5  | Noticed the Royal Jelly
 95696 | Slime:5  | Killed the Royal Jelly
 96128 | Slime:5  | Gained mutation: Your flesh is heat resistant. (rF+)
                  | [mutagenic glow]
 96490 | Slime:5  | Got a transparent pewter ring
 96491 | Slime:5  | Identified the ring of Temperance {*Tele *Corrode rC- Int+7
                  | Slay+3} (You found it on level 5 of the Pits of Slime)
 96513 | Slime:5  | Found the +8 demon blade "Bloodbane" {slice, *Rage +Rage
                  | Stlth-}
 96847 | Slime:5  | Got a polished glaive
 96848 | Slime:5  | Identified the cursed +0 glaive of the Thoughtful Lives
                  | {flame, MR+ Int+2 Dex+4} (You found it on level 5 of the
                  | Pits of Slime)
 96874 | Slime:5  | Got a slimy rune of Zot
 96907 | Slime:5  | Identified the Grimoire of Shifting Boosts
 97410 | Zig:1    | Entered Level 1 of a ziggurat
 97438 | Zig:2    | Entered Level 2 of a ziggurat
 97658 | Zig:2    | Identified the +1 helmet of Gehenna {rF+ rC+ rN+ Dex-3}
                  | (You found it on level 2 of a ziggurat)
 97669 | Zig:3    | Entered Level 3 of a ziggurat
 97805 | Zig:3    | Got a warped ivory ring
 97806 | Zig:3    | Identified the ring of Koziet {+Inv Slay+4} (You found it
                  | on level 3 of a ziggurat)
 97818 | Zig:4    | Entered Level 4 of a ziggurat
 98125 | Zig:5    | Entered Level 5 of a ziggurat
 98452 | Zig:5    | Learned a level 9 spell: Glaciate
 98461 | Zig:6    | Entered Level 6 of a ziggurat
 98636 | Zig:6    | Got a brightly glowing marble ring
 98637 | Zig:6    | Identified the ring "Faoroe" {MR+ Int-2 Dex+2 Slay+2
                  | Stlth+} (You found it on level 6 of a ziggurat)
 98645 | Zig:7    | Entered Level 7 of a ziggurat
 98652 | Zig:7    | Reached skill level 1 in Ice Magic
 98676 | Zig:7    | Got a twitching diamond amulet
 98677 | Zig:7    | Identified the amulet "Cuymicw" {Acrobat Dex+4} (You found
                  | it on level 7 of a ziggurat)
 98706 | Zig:8    | Entered Level 8 of a ziggurat
 98715 | Zig:8    | Found the macabre finger necklace {rN+}
 99060 | Zig:8    | Identified the cursed +0 pair of gloves "Alueh" {-Tele
                  | Regen+ rCorr Int+4} (You found it on level 8 of a ziggurat)
 99065 | Zig:9    | Entered Level 9 of a ziggurat
 99356 | Zig:10   | Entered Level 10 of a ziggurat
 99362 | Zig:10   | Noticed a greater mummy
 99364 | Zig:10   | Noticed a greater mummy
 99365 | Zig:10   | Noticed a greater mummy
 99367 | Zig:10   | Killed a greater mummy
 99368 | Zig:10   | Killed a greater mummy
 99368 | Zig:10   | Killed a greater mummy
 99568 | Zig:11   | Entered Level 11 of a ziggurat
 99627 | Zig:11   | Identified the Disquisition on Freezing Poisoning
 99694 | Zig:12   | Entered Level 12 of a ziggurat
 99807 | Zig:12   | Found the +3 warlock's mirror {reflect}
 99833 | Zig:12   | Reached skill level 5 in Shields
 99849 | Zig:12   | Identified the +2 robe "Fizxaon" {rN+ Dex+2} (You found it
                  | on level 12 of a ziggurat)
 99853 | Zig:13   | Entered Level 13 of a ziggurat
 99964 | Zig:13   | Identified the +2 robe "Viedof" {*Slow rElec Int+6 Stlth+}
                  | (You found it on level 13 of a ziggurat)
 99980 | Zig:14   | Entered Level 14 of a ziggurat
 99994 | Zig:14   | Reached skill level 24 in Fire Magic
100171 | Zig:14   | Reached skill level 10 in Ice Magic
100174 | Zig:14   | Identified Qoom's Intricacies of the Arcane Arts
100181 | Zig:14   | Identified the +2 cloak of Okawaru's Hatred {*Corrode
                  | +Blink MR+++ Dex-4} (You found it on level 14 of a
                  | ziggurat)
100187 | Zig:14   | Identified the Almanac of Feathery Earth
100194 | Zig:14   | Got a fine brass ring
100195 | Zig:14   | Identified the ring "Hidatz" {rC+ rN+ Dex+4 Stlth+} (You
                  | found it on level 14 of a ziggurat)
100202 | Zig:14   | Got a crude trident
100203 | Zig:14   | Identified the +6 trident "Olyecwai" {freeze, rC+ Int+7}
                  | (You found it on level 14 of a ziggurat)
100215 | Zig:15   | Entered Level 15 of a ziggurat
100466 | Zig:15   | Found the +7 sceptre of Torment {pain, torment}
100470 | Zig:15   | Found the +7 Singing Sword {slice, sonic wave}
100484 | Zig:15   | Identified the Tome of Boosting Changing
100496 | Zig:15   | Identified the Almanac of Captivating Changing
100565 | Zig:16   | Entered Level 16 of a ziggurat
100676 | Zig:16   | Identified Sif Muna's Reference Book on Attacks and Flight
100680 | Zig:16   | Identified the Disquisition on Boosts
100705 | Zig:17   | Entered Level 17 of a ziggurat
101133 | Zig:17   | Identified the +1 robe of the Villain {rElec MP+9 Int+2
                  | SInv} (You found it on level 17 of a ziggurat)
101182 | Zig:17   | Identified the +1 pair of gloves of the Princess {rN+ MR-
                  | Regen+ Dex+4} (You found it on level 17 of a ziggurat)
101186 | Zig:18   | Entered Level 18 of a ziggurat
101467 | Zig:19   | Entered Level 19 of a ziggurat
101484 | Zig:19   | Noticed an ancient lich
101488 | Zig:19   | Killed an ancient lich
101744 | Zig:19   | Identified the amulet "Danluweu" {Spirit rF+ Int+9 Dex+3}
                  | (You found it on level 19 of a ziggurat)
101759 | Zig:19   | Identified the amulet "Pialo" {Spirit Int+2} (You found it
                  | on level 19 of a ziggurat)
101761 | Zig:19   | Identified the ring of Noon {rC+ rN+ MR+ Int+5} (You found
                  | it on level 19 of a ziggurat)
101785 | Zig:20   | Entered Level 20 of a ziggurat
101811 | Zig:20   | Noticed an ancient lich
101815 | Zig:20   | Reached skill level 25 in Fire Magic
101817 | Zig:20   | Killed an ancient lich
101884 | Zig:20   | Identified the +4 helmet of the Game of Life {rC- rN+
                  | Dex+3} (You found it on level 20 of a ziggurat)
101892 | Zig:20   | Identified the ring "Kuacsues" {rC+ rN+} (You found it on
                  | level 20 of a ziggurat)
101911 | Zig:20   | Identified the ring "Puoruwas" {Fire rElec} (You found it
                  | on level 20 of a ziggurat)
101943 | Zig:21   | Entered Level 21 of a ziggurat
101983 | Zig:21   | Found the +5 demon whip "Spellbinder" {antimagic, MR+}
102203 | Zig:21   | Got a sparkling jade ring
102204 | Zig:21   | Identified the ring "Ypleunum" {+Fly rPois MR+} (You found
                  | it on level 21 of a ziggurat)
102322 | Zig:21   | Identified the Collected Works on Augmentations and Ice
102326 | Zig:21   | Identified the +10 glaive of Leargha {vamp, Str+4} (You
                  | found it on level 21 of a ziggurat)
102328 | Zig:21   | Got a heavily runed wooden ring
102329 | Zig:21   | Identified the ring of Sunlight {rF+ MR+} (You found it on
                  | level 21 of a ziggurat)
102363 | Zig:22   | Entered Level 22 of a ziggurat
102388 | Zig:22   | Reached skill level 15 in Ice Magic
102630 | Zig:22   | Identified Dirgh's Catalogue of Lucky Poisoning
102654 | Zig:23   | Entered Level 23 of a ziggurat
103255 | Zig:23   | Found the ring of the Octopus King
103273 | Zig:23   | Got a fine copper ring
103274 | Zig:23   | Identified the ring "Exato" {Wiz rC+ SInv} (You found it on
                  | level 23 of a ziggurat)
103281 | Zig:23   | Got a ring of the Octopus King
103283 | Zig:23   | Identified a ring of the Octopus King {MP+9 AC+1 EV+1 Str+1
                  | Int+1 Dex+1} (You found it on level 23 of a ziggurat)
103291 | Zig:23   | Identified Sif Muna's Volume of Hexes
103301 | Zig:23   | Identified the +7 spear of Nightmares {freeze, rF+ rC++
                  | Str+7} (You found it on level 23 of a ziggurat)
103311 | Zig:24   | Entered Level 24 of a ziggurat
103339 | Zig:24   | Noticed Fael the pandemonium lord
103344 | Zig:24   | Gained mutation: You are weak. (Str -2) [a cacodemon]
103348 | Zig:24   | Killed Fael the pandemonium lord
103380 | Zig:24   | HP: 8/184 [hellion/damnation (42)]
103805 | Zig:24   | Got a shimmering steel ring
103807 | Zig:24   | Got a sparkling turquoise ring
103809 | Zig:24   | Identified the ring of Duppowi {Str+6 Slay+3} (You found it
                  | on level 24 of a ziggurat)
103810 | Zig:24   | Identified the ring "Qirch" {rPois MR+ Int+4 Dex+3} (You
                  | found it on level 24 of a ziggurat)
103821 | Zig:24   | Got a pitted granite ring
103822 | Zig:24   | Identified the ring "Beufemis" {rCorr rElec Str+8} (You
                  | found it on level 24 of a ziggurat)
103825 | Zig:24   | Identified the ring of the Centipede {rCorr Str+3 Int+2}
                  | (You found it on level 24 of a ziggurat)
103830 | Zig:24   | Identified the +2 robe of Honesty {rC+ MR+ Str-2 Slay+6}
                  | (You found it on level 24 of a ziggurat)
103831 | Zig:24   | Identified the Tome of the Final Ships
103840 | Zig:24   | Identified the ring "Sadag" {rElec Int+2 Dex+4} (You found
                  | it on level 24 of a ziggurat)
103847 | Zig:25   | Entered Level 25 of a ziggurat
103864 | Zig:25   | Noticed a juggernaut
103865 | Zig:25   | Noticed a juggernaut
103868 | Zig:25   | Noticed a juggernaut
103869 | Zig:25   | Noticed a juggernaut
103869 | Zig:25   | Killed a juggernaut
103870 | Zig:25   | Noticed a juggernaut
103871 | Zig:25   | Killed a juggernaut
103871 | Zig:25   | Killed a juggernaut
103871 | Zig:25   | Killed a juggernaut
103872 | Zig:25   | Noticed a juggernaut
103872 | Zig:25   | Noticed a juggernaut
103874 | Zig:25   | Noticed a juggernaut
103875 | Zig:25   | Killed a juggernaut
103875 | Zig:25   | Killed a juggernaut
103876 | Zig:25   | Noticed a juggernaut
103876 | Zig:25   | Killed a juggernaut
103881 | Zig:25   | Killed a juggernaut
103882 | Zig:25   | Killed a juggernaut
104287 | Zig:25   | Identified Tethomov's Papyrus of Fiery Snow
104290 | Zig:25   | Identified the amulet "Tuxzi" {+Rage rElec rN+ Int-4} (You
                  | found it on level 25 of a ziggurat)
104315 | Zig:25   | Identified the Tome of Helpful Heat
104318 | Zig:25   | Identified the Volume of Freezing Calling
104391 | Zig:26   | Entered Level 26 of a ziggurat
104407 | Zig:26   | Noticed a greater mummy
104410 | Zig:26   | Noticed a greater mummy
104412 | Zig:26   | Noticed a greater mummy
104413 | Zig:26   | Noticed a greater mummy
104414 | Zig:26   | Noticed a greater mummy
104414 | Zig:26   | Noticed a greater mummy
104414 | Zig:26   | Noticed a greater mummy
104414 | Zig:26   | Noticed a greater mummy
104414 | Zig:26   | Noticed a greater mummy
104414 | Zig:26   | Noticed a greater mummy
104415 | Zig:26   | Killed a greater mummy
104417 | Zig:26   | Killed a greater mummy
104417 | Zig:26   | Killed a greater mummy
104417 | Zig:26   | Noticed a greater mummy
104417 | Zig:26   | Noticed a greater mummy
104418 | Zig:26   | Killed a greater mummy
104418 | Zig:26   | Reached skill level 26 in Fire Magic
104418 | Zig:26   | Killed a greater mummy
104418 | Zig:26   | Killed a greater mummy
104418 | Zig:26   | HP: 3/186 [greater mummy's death curse (25)]
104418 | Zig:26   | Killed a greater mummy
104418 | Zig:26   | Killed a greater mummy
104418 | Zig:26   | Killed by a guardian mummy's death curse

Vault maps used:
D:1:      ldierk_water_garden, chequers_serial_rivers_micro_b,
          kennysheep_crisscross
D:2:      lemuel_doored_altar, nemelex_lonely_heart_becter, uniq_natasha
D:3:      first_ration
D:4:      serial_shops, nicolae_shop_waterfront, uniq_sigmund,
          uniq_blork_the_orc
D:5:      minmay_temple_entry_overgrown
D:6:      nicolae_overflow_hidden_temple, minmay_misc_feat_nine_boxes,
          st_stairs_8
D:7:      kennysheep_mini_moat, nicolae_overflow_crystal_walls,
          biasface_ghost_orc_armoury
D:8:      lemuel_coloured_pillars_altar, hangedman_abyss_or_decor_stabs,
          uniq_psyche, uniq_pikel
D:9:      grunt_livestock, uniq_maurice, uniq_erolcha
D:10:     hangedman_cross_cluster, lair_entry_dummy,
          gammafunk_ghost_wrathful_warriors, minmay_shop_damaged,
          grunt_ministairs_2, nrook_guardian_serpent_ordinary, uniq_fannar
D:12:     cross_vault, orc_0_dummy, serial_shops, shop,
          kennysheep_decorative_pillar
D:13:     david_vaults_1
D:14:     cheibriados_altar_1, uniq_kirke
D:15:     hangedman_depths_entry_try_elsewhere_first, ashenzari_altar_1,
          minmay_fractal_squares_gapless_7
Temple:   regret_index_temple_generic_petals
Lair:2:   hangedman_lair_generics_rect, serial_bayou_shore_a
Lair:3:   elwin_shoals_entry_rooms, nicolae_volcano_entry_s_turn,
          minmay_lair_oklob_chamber, uniq_rupert, uniq_urug
Lair:4:   minmay_snake_entry_six_corridors, ebering_ghost_rock_garden
Lair:5:   dpeg_slime_entry_enclosed_altar, uniq_nessos
Lair:6:   grunt_lair_end_beastmaster
Shoals:2: nicolae_shoals_flooded_hall
Shoals:3: ebering_ghost_xom, uniq_polyphemus
Shoals:4: shoals_end_grunt_ice, serial_shops, shop_statue,
          nicolae_shoals_square_sea_wall
Snake:2:  minmay_shoptagon
Snake:3:  evilmike_ambush, grunt_megastairs_3, uniq_vashnia
Snake:4:  snake_pit
Slime:1:  nicolae_slime_phagocytosis
Slime:3:  cheibrodos_slime_lost_civilization_6
Slime:4:  cheibrodos_slime_lost_civilization_5
Orc:2:    pf_orc_diabolical
Elf:1:    eino_elf_arrival_altar, serial_shops, nicolae_shop_stone,
          shop_scrolls, shop_fountains, minivault_28, hangedman_summoners_spam,
          uniq_frances
Elf:2:    basic_altar, ebering_ghost_inner_flame, grunt_ministairs_11,
          minivault_19, basic_stair_grate_trap
Elf:3:    minmay_elf_hall_curves, mu_enter_wizlab_5
Vaults:1: v_misc_25, nicolae_vaults_windows_and_doors_thing,
          nicolae_vaults_network_star, nicolae_vaults_minivaults, v_rooms_1,
          nicolae_vaults_mini_display_case, hangedman_vaults_hat, v_rooms_4,
          vaults_room_stairs_pillars, enter_trove_2, serial_shops, shop
Vaults:2: ebering_vaults_ghost_inner_flame, v_misc_1,
          vaults_mumra_minichess_inversion, nicolae_vaults_little_squares_6,
          sword_in_stone, nicolae_vaults_shelves_hall, vaults_dpeg_encased_lava,
          v_alt_pattern_2, nicolae_vaults_little_squares_3, ontoclasm_vaults_eye
Vaults:3: vaults_room_ringed_pool, minmay_crypt_entry_simple_box,
          nicolae_vaults_big_ls, v_misc_33, nicolae_vaults_network_quinsquares,
          v_misc_4, vaults_room_hallway, v_misc_3
Vaults:4: gammafunk_vaults_ghost_spectres, nicolae_vaults_c_with_doors,
          vaults_room_door_hall, hangedman_vaults_snaps,
          nicolae_vaults_ninety_degrees, hangedman_vaults_pinch, v_misc_28,
          nicolae_vaults_little_squares_3, vaults_room_grunt_arrival_ludios,
          uniq_margery
Vaults:5: serial_shops
Crypt:1:  serial_glass, glass_columns_a, glass_columns_c,
          palyth_stone_intersect, hex_tiny, minmay_misc_feat_pillars,
          st_stairs_5, minmay_misc_feat_five
Crypt:2:  uniq_boris
Crypt:3:  grunt_crypt_end_deaths_head, uniq_mara
Depths:1: enter_ziggurat_a, abyss_entry, kennysheep_big_empty_room,
          hangedman_tar_grid_catacomb, minmay_orc_keep, minmay_shop_grove
Depths:2: minmay_cut_squares, serial_glass, glass_columns_a, glass_columns_a,
          lightli_too_deep, nicolae_abyss_entry_one_way_or_another
Depths:3: angbandy_vault, serial_glass, glass_columns_c, glass_columns_b,
          glass_columns_c, glass_columns_a, glass_columns_c, glass_columns_a,
          glass_columns_c, glass_columns_a, glass_columns_a, glass_columns_a,
          hell_entry, rand_demon_pan_entry_3
Depths:4: evilmike_wizard_prison, grunt_hell_entry_dis_old, serial_shops, shop,
          minmay_room_of_horrors, serial_bayou_pond_e,
          infiniplex_staircase_split_hallway, hangedman_decor_cross_pass,
          serial_bayou_shore_b
Depths:5: hangedman_pleasuredromes, abyss_entry, pan_entry, hell_entry,
          uniq_mennas
Abyss:5:  evilmike_abyss_exit_smiterflies, nicolae_abyss_rune_star_stuff,
          evilmike_abyss_exit_9
Zig:1:    ziggurat_pillar_centre_c
Zig:11:   ziggurat_pillar_centre_dispersal
Zig:17:   ziggurat_pillar_centre_dead_trees
Zig:20:   ziggurat_pillar_centre_smoke
Zig:26:   ziggurat_pillar_centre_oklobs
Trove:    trove_library
Volcano:  volcano_village
WizLab:   wizlab_zonguldrok

Skill      XL: |  1  2  3  4  5  6  7  8  9 10 11 12 13 14 15 16 17 18 19 20 21 22 23 24 25 26 27 |
---------------+----------------------------------------------------------------------------------+-----
Earth Magic    | 4 5 6 7 8 9 10 11 12 13 14 15 16 17 18 19 24 | 24.6
Conjurations   | 1 2 3 5 6 7 8 9 10 11 12 13 14 15 | 15.0
Spellcasting   | 3 4 5 6 7 8 9 10 11 12 13 14 15 21 | 21.2
Armour         | 2 3 5 6 |  6.0
Fighting       | 2 3 5 6 7 8 9 10 11 12 13 14 15 16 17 22 | 22.4
Maces & Flails | 2 3 |  3.7
Evocations     | 2 3 4 5 6 9 |  9.7
Dodging        | 2 3 4 5 6 7 8 9 10 11 12 13 15 | 15.0
Polearms       | 2 3 4 5 8 9 10 11 12 13 14 15 16 | 16.0
Fire Magic     | 1 4 6 8 9 10 11 13 14 15 16 17 18 19 20 21 26 | 26.0
Necromancy     | 5 10 | 10.0
Throwing       | 8 |  8.0
Ice Magic      | 18 | 18.6
Shields        | 5 |  5.5
Stealth        | |  2.1
Transmutations | |  0.7

Action                   |  1- 3 |  4- 6 |  7- 9 | 10-12 | 13-15 | 16-18 | 19-21 | 22-24 | 25-27 || total
-------------------------+-------+-------+-------+-------+-------+-------+-------+-------+-------++-------
Melee: Unarmed           |    22 |       |       |       |       |       |       |       |       ||    22
       Club              |    42 |    73 |       |       |       |       |       |       |       ||   115
       Scimitar          |       |    37 |    58 |       |       |       |       |       |       ||    95
       Flail             |       |       |    82 |       |       |       |       |       |       ||    82
       Trident           |       |       |       |   472 |   546 |  1080 |  1350 |   747 |   977 ||  5172
       Peck              |       |       |       |       |     9 |   173 |   180 |    85 |       ||   447
       Staff             |       |       |       |       |       |       |       |       |    47 ||    47
Throw: Javelin           |       |       |       |       |       |       |       |       |     4 ||     4
 Cast: Sandblast         |    24 |    47 |    34 |    55 |    88 |    21 |    22 |       |       ||   291
       Stone Arrow       |       |     6 |    27 |    18 |    46 |     2 |     3 |     8 |     1 ||   111
       Lee's Rapid Decon |       |       |    17 |    23 |    36 |    14 |    12 |    17 |    23 ||   142
       Bolt of Magma     |       |       |       |    22 |    60 |     9 |     5 |       |       ||    96
       Iron Shot         |       |       |       |    14 |    38 |    61 |    38 |   115 |   161 ||   427
       Bolt of Fire      |       |       |       |       |    12 |   108 |   216 |   217 |   150 ||   703
       Shatter           |       |       |       |       |       |       |       |    16 |   155 ||   171
       Fire Storm        |       |       |       |       |       |       |       |     5 |   183 ||   188
 Abil: Fly               |       |       |       |       |     1 |       |     1 |     1 |     1 ||     4
       Stop Flying       |       |       |       |       |       |     1 |       |     1 |     1 ||     3
       Evoke Invisibilit |       |       |       |       |       |       |       |       |     3 ||     3
Evoke: Wand              |       |     1 |     3 |     7 |    13 |     6 |    12 |     2 |     3 ||    47
       Lamp of fire      |       |       |       |       |       |     2 |     2 |       |     1 ||     5
  Use: Scroll            |       |     6 |     5 |    16 |    11 |    17 |    11 |     9 |    65 ||   140
       Potion            |       |       |     3 |     5 |     5 |    16 |     2 |    12 |    30 ||    73
 Stab: Sleeping          |     1 |     3 |     3 |     8 |    16 |    11 |     7 |     5 |       ||    54
       Paralysed         |       |       |       |     2 |       |       |       |       |       ||     2
       Distracted        |       |       |       |       |     4 |     1 |     4 |     2 |     1 ||    12
       Invisible         |       |       |       |       |       |     3 |       |       |     2 ||     5
       Petrifying        |       |       |       |       |       |     1 |       |       |       ||     1
  Eat: Chunk             |     3 |     7 |    15 |    40 |    43 |    79 |    96 |   137 |   118 ||   538
       Ration            |       |       |     1 |     1 |    12 |    10 |     8 |       |    41 ||    73
Armor: Robe              |    41 |    49 |    89 |   292 |   338 |   446 |   552 |   261 |   448 ||  2516
Dodge: Dodged            |    69 |    95 |   165 |   421 |   455 |   774 |  1021 |   579 |   764 ||  4343
Block: Other             |       |       |       |       |       |       |       |    43 |   132 ||   175
       Buckler           |       |       |       |       |       |       |       |       |   103 ||   103
       Reflection        |       |       |       |       |       |       |       |       |     5 ||     5
       Rpst.: Scimitar   |       |     6 |    18 |       |       |       |       |       |       ||    24

Table legend:
 A = Non-vault XP
 B = Vault XP
 C = Vault XP percentage of total XP
 D = Non-vault monster count
 E = Vault monster count
 F = Vault count percentage of total count
                 A         B        C        D         E       F
            +---------+---------+-------+---------+---------+-------
      Total | 1591915 |  897263 |  36.0 |    2293 |     993 |  30.2
            +---------+---------+-------+---------+---------+-------
        D:1 |      28 |       0 |   0.0 |      10 |       0 |   0.0
        D:2 |     154 |      35 |  18.5 |      30 |       1 |   3.2
        D:3 |     396 |       0 |   0.0 |      37 |       0 |   0.0
        D:4 |     462 |     330 |  41.7 |      13 |       2 |  13.3
        D:5 |     892 |       0 |   0.0 |      25 |       0 |   0.0
        D:6 |     722 |       2 |   0.3 |      17 |       1 |   5.6
        D:7 |    1363 |    1051 |  43.5 |      30 |      13 |  30.2
        D:8 |    1402 |    1058 |  43.0 |      29 |       2 |   6.5
        D:9 |    4451 |    2858 |  39.1 |      30 |       9 |  23.1
       D:10 |    6165 |    5884 |  48.8 |      42 |      22 |  34.4
       D:11 |    6122 |       0 |   0.0 |      31 |       0 |   0.0
       D:12 |    4538 |    7355 |  61.8 |      21 |       6 |  22.2
       D:13 |    4956 |    2608 |  34.5 |      27 |       4 |  12.9
       D:14 |   10069 |    2611 |  20.6 |      29 |       4 |  12.1
       D:15 |   18992 |    7487 |  28.3 |      42 |      13 |  23.6
     Lair:1 |    1647 |       0 |   0.0 |       9 |       0 |   0.0
     Lair:2 |    2302 |    1394 |  37.7 |      12 |       6 |  33.3
     Lair:3 |    8600 |    7371 |  46.2 |      20 |      13 |  39.4
     Lair:4 |    6677 |     812 |  10.8 |      20 |      11 |  35.5
     Lair:5 |    5658 |    1315 |  18.9 |      21 |       1 |   4.5
     Lair:6 |    5119 |    9819 |  65.7 |      16 |      19 |  54.3
   Shoals:1 |   13396 |       0 |   0.0 |      24 |       0 |   0.0
   Shoals:2 |   12181 |    7685 |  38.7 |      25 |      13 |  34.2
   Shoals:3 |   13712 |    4755 |  25.7 |      28 |       4 |  12.5
   Shoals:4 |   13415 |   18469 |  57.9 |      32 |      26 |  44.8
    Snake:1 |   16228 |       0 |   0.0 |      32 |       0 |   0.0
    Snake:2 |   15144 |    3171 |  17.3 |      28 |       4 |  12.5
    Snake:3 |   30991 |   22925 |  42.5 |      57 |      29 |  33.7
    Snake:4 |   21296 |   29948 |  58.4 |      41 |      44 |  51.8
    Slime:1 |    9377 |    1024 |   9.8 |      20 |       4 |  16.7
    Slime:2 |    8195 |       0 |   0.0 |      17 |       0 |   0.0
    Slime:3 |   18623 |       0 |   0.0 |      50 |       0 |   0.0
    Slime:4 |   10247 |       0 |   0.0 |       8 |       0 |   0.0
    Slime:5 |   16019 |   27669 |  63.3 |      20 |      13 |  39.4
      Orc:1 |    2573 |       0 |   0.0 |      14 |       0 |   0.0
      Orc:2 |    1925 |   15258 |  88.8 |      16 |      62 |  79.5
      Elf:1 |   17264 |   20396 |  54.2 |      31 |      31 |  50.0
      Elf:2 |   15174 |   26148 |  63.3 |      29 |      31 |  51.7
      Elf:3 |   26046 |   41740 |  61.6 |      41 |      30 |  42.3
   Vaults:1 |   35853 |   35004 |  49.4 |      53 |      48 |  47.5
   Vaults:2 |   29415 |   21660 |  42.4 |      47 |      16 |  25.4
   Vaults:3 |   39416 |   17126 |  30.3 |      55 |      20 |  26.7
   Vaults:4 |   33280 |   50620 |  60.3 |      39 |      51 |  56.7
   Vaults:5 |   17048 |  124111 |  87.9 |      25 |      91 |  78.4
    Crypt:1 |   24302 |       0 |   0.0 |      43 |       0 |   0.0
    Crypt:2 |   20032 |    6413 |  24.3 |      27 |       1 |   3.6
    Crypt:3 |       0 |   93126 | 100.0 |       0 |     127 | 100.0
   Depths:1 |   26911 |    7962 |  22.8 |      41 |      10 |  19.6
   Depths:2 |   22490 |   17485 |  43.7 |      25 |      15 |  37.5
   Depths:3 |   45039 |   63630 |  58.6 |      51 |      37 |  42.0
   Depths:4 |   44074 |   49603 |  53.0 |      45 |      45 |  50.0
   Depths:5 |     262 |  127250 |  99.8 |       1 |      94 |  98.9
    Abyss:5 |    4900 |    1008 |  17.1 |      16 |       2 |  11.1
      Zig:1 |    1461 |       0 |   0.0 |       2 |       0 |   0.0
      Zig:2 |    1268 |       0 |   0.0 |       3 |       0 |   0.0
      Zig:3 |    4942 |       0 |   0.0 |       3 |       0 |   0.0
      Zig:4 |    2753 |       0 |   0.0 |       7 |       0 |   0.0
      Zig:5 |    7954 |       0 |   0.0 |       6 |       0 |   0.0
      Zig:6 |    8959 |       0 |   0.0 |       6 |       0 |   0.0
      Zig:7 |   10206 |       0 |   0.0 |      10 |       0 |   0.0
      Zig:8 |   14480 |       0 |   0.0 |       9 |       0 |   0.0
      Zig:9 |   14594 |       0 |   0.0 |      15 |       0 |   0.0
     Zig:10 |   21160 |       0 |   0.0 |      26 |       0 |   0.0
     Zig:11 |   17190 |       0 |   0.0 |      17 |       0 |   0.0
     Zig:12 |   16479 |       0 |   0.0 |      27 |       0 |   0.0
     Zig:13 |   22687 |       0 |   0.0 |      27 |       0 |   0.0
     Zig:14 |   25923 |       0 |   0.0 |      26 |       0 |   0.0
     Zig:15 |   24760 |       0 |   0.0 |      36 |       0 |   0.0
     Zig:16 |   31642 |       0 |   0.0 |      34 |       0 |   0.0
     Zig:17 |   30214 |       0 |   0.0 |      33 |       0 |   0.0
     Zig:18 |   32333 |     677 |   2.1 |      49 |       1 |   2.0
     Zig:19 |   69633 |       0 |   0.0 |      37 |       0 |   0.0
     Zig:20 |   61226 |       0 |   0.0 |      44 |       0 |   0.0
     Zig:21 |   51714 |       0 |   0.0 |      53 |       0 |   0.0
     Zig:22 |   60067 |       0 |   0.0 |      54 |       0 |   0.0
     Zig:23 |   46087 |       0 |   0.0 |      69 |       0 |   0.0
     Zig:24 |   89918 |       0 |   0.0 |      62 |       0 |   0.0
     Zig:25 |  142709 |      31 |   0.0 |      51 |       1 |   1.9
     Zig:26 |   71021 |    2221 |   3.0 |      63 |       4 |   6.0
    Volcano |       0 |    2822 | 100.0 |       0 |       7 | 100.0
     WizLab |   14992 |    5336 |  26.2 |      32 |       5 |  13.5
            +---------+---------+-------+---------+---------+-------
